 Dungeon Crawl Stone Soup version 0.28.0-53-g5a82cb258f (webtiles) character file.

Game seed: 11290543423364686002

91 Gabide the Shooter (level 4, 0/27 HPs)
             Began as a Deep Elf Hunter on June 18, 2022.
             Slain by a killer bee zombie (7 damage)
             ... on level 3 of the Dungeon.
             The game lasted 00:03:46 (2930 turns).

Gabide the Shooter (Deep Elf Hunter)                Turns: 2930, Time: 00:03:47

Health: 0/27       AC:  5    Str: 11    XL:     4   Next: 34%
Magic:  6/6        EV: 12    Int: 16    God:
Gold:   76         SH:  0    Dex: 15    Spells: 3/3 levels left

rFire   . . .      SeeInvis .   a - +1 shortbow
rCold   . . .      Faith    .   (shield currently unavailable)
rNeg    . . .      Spirit   .   c - +0 leather armour
rPois   .          Reflect  .   (no helmet)
rElec   .          Harm     .   (no cloak)
rCorr   .          Rampage  .   p - +1 pair of gloves
Will    .....                   (no boots)
Stlth   ++........              (no amulet)
HPRegen 0.09/turn               (no ring)
MPRegen 0.10/turn               (no ring)

@: no status effects
A: no striking features
a: no special abilities


You were on level 3 of the Dungeon.
You visited 1 branch of the dungeon, and saw 3 of its levels.

You collected 76 gold pieces.

Inventory:

Hand Weapons
 a - a +1 shortbow (weapon)
 b - a +0 short sword
Missiles
 d - 9 arrows (quivered ammo)
Armour
 c - a +0 leather armour (worn)
 p - a +1 pair of gloves (worn)
Scrolls
 e - a scroll of vulnerability
 f - a scroll of fear
 g - a scroll of torment {unknown}
 j - a scroll of blinking {unknown}
 k - 2 scrolls of enchant weapon {unknown}
 l - a scroll of identify {unknown}
Potions
 i - a potion of might {unknown}
 m - a potion of brilliance {unknown}
 n - a potion of attraction {unknown}
 o - a potion of heal wounds {unknown}


   Skills:
 + Level 2.9 Fighting
 + Level 6.6 Bows
 - Level 2.4 Dodging
 - Level 1.2 Stealth


You had 3 spell levels left.
You didn't know any spells.
Your spell library contained the following spells:

 Spells                   Type           Power      Damage    Failure   Level
 Call Canine Familiar     Summ           0%         N/A       69%         3
 Portal Projectile        Hex/Tloc       0%         N/A       69%         3
 Leda's Liquefaction      Hex/Erth       0%         N/A       97%         4


Dungeon Overview and Level Annotations

Branches:
Dungeon (3/15)

Altars:
Qazlal


Message History

k - 2 scrolls labelled QONWOL CUTZ (gained 1)
A killer bee zombie comes into view.
You shoot an arrow. The arrow misses the killer bee zombie.
You shoot an arrow. The arrow hits the killer bee zombie!
The killer bee zombie is moderately damaged.
You shoot an arrow.
The arrow closely misses the killer bee zombie.
You shoot an arrow.
The arrow closely misses the killer bee zombie.
The killer bee zombie hits you.
b - a +0 short sword (weapon)
The killer bee zombie hits you.
You hit the killer bee zombie.
The killer bee zombie is heavily damaged.
The killer bee zombie closely misses you.
The killer bee zombie hits you.
a - a +1 shortbow (weapon)
The killer bee zombie hits you.
* * * LOW HITPOINT WARNING * * *
It was a potion of ambrosia.
You are confused.
You feel invigorated. The killer bee zombie hits you.
* * * LOW HITPOINT WARNING * * *
The killer bee zombie hits you.
* * * LOW HITPOINT WARNING * * *
Okay, then.
You bump into the rock wall.
The killer bee zombie barely misses you.
You clumsily bash the killer bee zombie but do no damage.
The killer bee zombie is heavily damaged.
You feel less invigorated.
You feel less confused. The killer bee zombie hits you.
* * * LOW HITPOINT WARNING * * *
The killer bee zombie hits you.
* * * LOW HITPOINT WARNING * * *
The killer bee zombie misses you.
The killer bee zombie barely misses you.
The killer bee zombie hits you!
You die...

###########.###
#.............#
#.#########.#.## #...#
#####..... ##########.#
..##.#.## ...........#
#.##.#.#
##.......#.##.##.#.#
######.......#....)..#.#
#......Z@....####.####.#
#.....#.#..............#
.......#.#.##.####.####.##
..(.......................
(.....#..#.##.####.####.##
(.....#..#.# .# #.####.#.
#####.#..#.# ##......#.
........ ........<.
.......#..


You could see a killer bee zombie.

Vanquished Creatures
  Jessica (D:3)
  3 gnolls
  An orc (D:3)
  5 ball pythons
  7 endoplasms
  A giant cockroach (D:1)
  2 goblins (D:2)
  2 hobgoblins
  2 jackals
  A quokka (D:1)
  A bat (D:2)
  3 frilled lizards
  A kobold (D:2)
  4 rats
34 creatures vanquished.

Vanquished Creatures (others)
  8 fungi (D:2)
  9 plants (D:2)
17 creatures vanquished.

Grand Total: 51 creatures vanquished

Notes
Turn   | Place    | Note
-------+----------+-------------------------------------------
     0 | D:1      | Gabide the Deep Elf Hunter began the quest for the Orb.
     0 | D:1      | Reached XP level 1. HP: 12/12 MP: 3/3
   225 | D:1      | Reached XP level 2. HP: 17/17 MP: 4/4
  1336 | D:2      | Found a stormy altar of Qazlal.
  1535 | D:1      | Reached skill level 6 in Bows
  1535 | D:1      | Reached XP level 3. HP: 6/21 MP: 5/5
  1535 | D:1      | HP: 1/21 [gnoll/+0 club (6)]
  2321 | D:2      | Found a faded altar of an unknown god.
  2828 | D:3      | Noticed Jessica
  2832 | D:3      | Killed Jessica
  2833 | D:3      | Reached XP level 4. HP: 27/27 MP: 6/6
  2930 | D:3      | Slain by a killer bee zombie

Illustrated notes

Levels and vault maps discovered:
D:1:      dpeg_arrival_lava_altar, layout_loops_ring, palyth_stone_intersect
D:2:      layout_basic, shapermc_ecumenical_altar_mp_urbaneastern,
          serial_aquarium, aquarium_bridge_long_separate
          [aquarium_subvault_balcony, aquarium_subvault_bridge,
          aquarium_subvault_bridge, aquarium_subvault_wall,
          aquarium_subvault_bridge, aquarium_subvault_window],
          aquarium_window_fake, aquarium_window_1, aquarium_view_2a,
          aquarium_view_2d, aquarium_balcony_5a, basic_altar
D:3:      layout_basic, minmay_close_crescents, uniq_jessica

Skill      XL: |  1  2 |
---------------+-------+-----
Fighting       | 2 |  2.9
Bows           | 6 |  6.6
Dodging        | |  2.4
Stealth        | |  1.2

Action                   |  1- 3 |  4- 6 || total
-------------------------+-------+-------++-------
Melee: Short sword       |    31 |     2 ||    33
       Punch             |     1 |       ||     1
       Shortbow          |       |     1 ||     1
 Fire: Shortbow          |    69 |     9 ||    78
  Use: Potion            |     2 |     1 ||     3
       Scroll            |     2 |       ||     2
Armor: Leather armour    |    17 |       ||    17
Dodge: Dodged            |    40 |     4 ||    44
